 Dungeon Crawl Stone Soup version 0.31-a0-507-gbafd7f5274 (webtiles) character file.

Game seed: 15544624134893179034

187117 Ofeo the Warrior (level 17, -17/132 HPs)
             Began as a Demonspawn Shapeshifter on Aug 9, 2023.
             Was the Champion of Hepliaklqana.
             Collided with a mangrove (23 damage)
             ... caused by Bai Suzhen
             ... on level 3 of the Swamp on Aug 10, 2023.
             The game lasted 00:52:58 (30023 turns).

Ofeo the Warrior (Demonspawn Shapeshifter)         Turns: 30023, Time: 00:52:58

Health: -17/132    AC: 30    Str: 23    XL:     17   Next: 44%
Magic:  24/24      EV: 22    Int:  9    God:    Hepliaklqana [******]
Gold:   1197       SH:  0    Dex: 15    Spells: 16/16 levels left

rFire   . . .        b - +6 glaive (drain)
rCold   . . .        (shield currently unavailable)
rNeg    + . .        O - +1 pearl dragon scales
rPois   +            (helmet unavailable)
rElec   .            T - +1 cloak {rCorr}
rCorr   +            B - +3 pair of gauntlets of War {Slay+5}
SInv    .            Z - +0 pair of boots
Will    +....        t - amulet of Vitality {RegenMP++ Regen++} Stlth
                     s - +4 ring of protection
HPRegen 2.02/turn    A - +5 ring of evasion
MPRegen 0.99/turn

%: random rage (3%)
@: no status effects
A: reduced essence, horns 3, molten scales 2, foul stench 3, spiny 2, berserk 1,
poison resistance, noise suppression
}: 1/15 runes: serpentine
a: Renounce Religion, Recall Ancestor, Ancestor Identity, Transference, Idealise


You were on level 3 of the Swamp.
You worshipped Hepliaklqana.
Hepliaklqana was exalted by your worship.
You visited 6 branches of the dungeon, and saw 30 of its levels.
You also visited: Gauntlet.

You collected 2404 gold pieces.
You spent 1207 gold pieces at shops.

Inventory:

Hand Weapons
 a - the +8 trident of the Octopus King {venom, rElec rPois}
   (You found it on level 5 of the Lair of Beasts)

   rElec:     It insulates you from electricity.
   rPois:     It protects you from poison
 b - a +6 glaive of draining (weapon)
 e - a +2 demon trident of flaming
 Y - a +0 vampiric bardiche
Missiles
 M - 15 javelins
 U - a throwing net
Armour
 g - a +1 kite shield of resistance
 B - the +3 pair of gauntlets of War (worn) {Slay+5}
   (You found it in a Gauntlet)

   Slay+5:    It affects your accuracy & damage with ranged weapons and melee
   (+5).
 O - +1 pearl dragon scales (worn)
 T - a +1 cloak of preservation (worn)
 Z - a +0 pair of boots (worn)
Jewellery
 j - a ring of flight
 l - a +6 ring of strength
 s - a +4 ring of protection (left hand)
 t - the amulet of Vitality (around neck) {RegenMP++ Regen++}
   (You found it on level 5 of the Dungeon)

   [amulet of magic regeneration]

   RegenMP:   It increases your rate of magic regeneration.
   Regen++:   It increases your rate of health regeneration.
 A - a +5 ring of evasion (right hand)
 E - a ring of fire
 F - a ring of protection from cold
 R - a ring of willpower
Wands
 k - a wand of mindburst (21)
 v - a wand of roots (2)
 y - a wand of paralysis (21)
 G - a wand of quicksilver (16)
 Q - a wand of digging (13) {@v1}
 X - a wand of flame (11)
Scrolls
 i - 3 scrolls of identify {@r1}
 x - a scroll of immolation
 z - 4 scrolls of fear
 C - 5 scrolls of poison
 D - 11 scrolls of teleportation {@r3}
 I - 2 scrolls of fog
 J - 5 scrolls of revelation
 K - 3 scrolls of silence
 N - a scroll of amnesia
 P - a scroll of brand weapon
Potions
 f - 2 potions of haste {@q3}
 h - 3 potions of heal wounds {@q2}
 m - a potion of magic
 n - 5 potions of brilliance
 o - 5 potions of resistance {@q6}
 p - 2 potions of ambrosia
 q - 15 potions of curing {@q1}
 r - 2 potions of invisibility
 u - 6 potions of lignification
 w - 6 potions of attraction
 S - 3 potions of cancellation
 V - 3 potions of might {@q4}
 W - 4 potions of mutation
Miscellaneous
 c - a phial of floods
 H - a box of beasts
 L - a phantom mirror (inert)


   Skills:
 + Level 17.2 Fighting
 + Level 14.2 Polearms
 + Level 8.7 Armour
 + Level 15.9 Dodging
 - Level 2.7 Unarmed Combat
 - Level 10.0 Invocations
 - Level 7.9 Shapeshifting


You had 16 spell levels left.
You didn't know any spells.
Your spell library contained the following spells:

 Spells                   Type           Power      Damage    Failure   Level
 Magic Dart               Conj           0%         1d3       71%         1
 Necrotise                Necr           0%         1d4       71%         1
 Sandblast                Erth           0%         2d4       71%         1
 Summon Small Mammal      Summ           0%         N/A       71%         1
 Call Imp                 Summ           0%         N/A       85%         2
 Ensorcelled Hibernation  Hex/Ice        0%         N/A       85%         2
 Passwall                 Tmut/Erth      0%         N/A       85%         2
 Searing Ray              Conj           0%         2d4       85%         2
 Sublimation of Blood     Necr           0%         N/A       85%         2
 Wereblood                Tmut           0%         N/A       85%         2
 Call Canine Familiar     Summ           0%         N/A       97%         3
 Dazzling Flash           Conj/Hex       0%         N/A       97%         3
 Frozen Ramparts          Ice            0%         1d1       97%         3
 Mephitic Cloud           Conj/Pois/Air  0%         N/A       97%         3
 Ozocubu's Armour         Ice            0%         N/A       97%         3
 Portal Projectile        Hex/Tloc       0%         N/A       97%         3
 Stone Arrow              Conj/Erth      0%         3d7       97%         3
 Summon Guardian Golem    Hex/Summ       0%         N/A       97%         3
 Tukima's Dance           Hex            0%         N/A       97%         3
 Vampiric Draining        Necr           0%         2d6       97%         3
 Anguish                  Hex/Necr       0%         N/A       100%        4
 Fulminant Prism          Conj/Hex       0%         3d5       100%        4
 Iskenderun's Mystic Bla  Conj/Tloc      0%         2d3       100%        4
 Leda's Liquefaction      Hex/Erth       0%         N/A       100%        4
 Petrify                  Tmut/Erth      0%         N/A       100%        4
 Agony                    Necr           0%         N/A       100%        5
 Irradiate                Conj/Tmut      0%         3d11      100%        5
 Lee's Rapid Deconstruct  Erth           0%         3d4*      100%        5
 Metabolic Englaciation   Hex/Ice        0%         N/A       100%        5
 Silence                  Hex/Air        0%         N/A       100%        5
 Leda's Unmaking          Conj/Erth      0%         9d1       100%        6
 Simulacrum               Ice/Necr       0%         N/A       100%        6
 Haunt                    Necr/Summ      0%         N/A       100%        7
 Borgnjor's Revivificati  Necr           0%         N/A       100%        8
 Death's Door             Necr           0%         N/A       100%        9


Dungeon Overview and Level Annotations

Branches:
Dungeon (15/15)            Temple (1/1) D:7            Lair (5/5) D:10
  Swamp (3/4) Lair:2        Snake (4/4) Lair:2        Slime (0/5) Lair:5
    Orc (2/2) D:10            Elf (0/3) Orc:2        Vaults (0/5) D:14
 Depths (0/4) D:15        Gauntlet (visited)

Altars:
Ashenzari
Cheibriados
Dithmenos
Fedhas
Gozag
Hepliaklqana
Kikubaaqudgha
Makhleb
Nemelex Xobeh
Okawaru
Qazlal
Ru
Sif Muna
Trog
Uskayaw
Vehumet
Wu Jian
Xom
Yredelemnul
Jiyva

Shops:
D:15 [   Orc:2 *=[(   Snake:3 (   Snake:4 !

Annotations:
D:7 2 transporters, Elsrick's ghost, novice OpFi
D:12 1 runed translucent door, ytrimaz's ghost, journeyman DsSh
D:15 3 runed translucent doors, exclusion: 3 doors, Cophusiv's ghost, journeyman DsGl; Tolur's ghost, adept DEFE
Swamp:1 1 runed translucent door, Rualuul's ghost, adept MfBe
Swamp:3 Bai Suzhen


Innate Abilities, Weirdness & Mutations

Your life essence is reduced to manifest your ancestor. (-10% HP)
You have a pair of large horns on your head.
You are mostly covered in molten scales. (AC +3)
You frequently emit foul miasma when damaged in melee.
You are mostly covered in sharp spines.
You sometimes lose your temper in combat.
Your system is resistant to poisons. (rPois)
You passively dampen the noise of your surroundings.


Message History

You take 12 damage, and have 120/132 hp.
You barely miss Bai Suzhen.
You headbutt Bai Suzhen, but do no damage.
Bai Suzhen is almost dead.
You are engulfed in a thunderstorm.
Tenoch is engulfed in a thunderstorm.
Tenoch is destroyed!
Tenoch shimmers and vanishes!
Bai Suzhen closely misses you.
Bai Suzhen claws you but does no damage.
Bai Suzhen tramples you!
You stumble backwards!
You take 20 damage, and have 100/132 hp.
You slash Bai Suzhen!
Bai Suzhen is almost dead.
You are engulfed in a thunderstorm.
Bai Suzhen grouses about immature sisters.
Bai Suzhen breathes water at you. The torrent of water hits you!!!
Ouch! That really hurt!
* * * LOW HITPOINT WARNING * * *
You are knocked back by the torrent of water.
Splash!
You fall into the shallow water.
Moving in this stuff is going to be slow.
The wave splashes down.
You take 95 damage, and have 5/132 hp.
MASSIVE DAMAGE!!
Blink to where?
Press: ? - help, Dir - move target, p - Bai Suzhen
As you read the scroll of blinking {@r4}, it crumbles to dust.
You regained 2 hp, and now have 7/132 hp.
Aiming: Quicksilver Bolt
Press: ? - help, Shift-Dir - straight line, f - Bai Suzhen
Aim: Bai Suzhen (almost dead, surrounded by thunder, 94% to hit)
The bolt of dispelling energy hits Bai Suzhen.
Bai Suzhen is almost dead.
Bai Suzhen breathes water at you. The torrent of water hits you.
* * * LOW HITPOINT WARNING * * *
You are knocked back by the torrent of water.
You slam into the mangrove!
You die...

♣♣ ♣♣.♣♣ ♣...♣♣♣ ~~..~~♣
♣♣.[~)♣ ♣~.~~.♣ ♣.~†♣.♣
♣♣@~~~§♣ ♣♣
♣♣~~.~~.♣♣.♣♣♣♣
♣♣...♣~♣...♣.♣~♣
♣♣...♣♣♣~♣~~....♣♣♣ ♣
♣..~♣♣ ♣♣~~♣.~~~..♣~♣♣
♣...♣~.♣ ♣§§§†~~~~..~.♣
♣~~~§♣~~.♣ ♣.D§§♣~~~~~.~~
♣♣.§~~~.~~~♣♣<§§♣~d~.~~..
....§~~>~.~~.§§§~§§~.♣.♣♣


You could see Bai Suzhen (clouds, catching breath).

Vanquished Creatures
  Jorgrun (D:15)
  Gastronok (Lair:3)
  Donald (Swamp:2)
  2 nagarajas (Snake:4)
  The ghost of Himil the Eclecticist, an adept DEAE of Vehumet (Snake:4)
  Louise (Snake:4)
  An orc warlord (Orc:2)
  A stone giant (D:15)
  An eleionoma (Swamp:1)
  Azrael (D:15)
  Nessos (D:13)
  A minotaur (Gauntlet)
  Snorg (Orc:2)
  The ghost of Mightysalt the Mimic, a journeyman DsSh of Yredelemnul (Orc:2)
  An ettin (D:14)
  Fannar (Lair:1)
  6 hydras
  A rakshasa (D:13)
  2 salamander tyrants (Snake:4)
  An ogre mage (D:15)
  5 boulder beetles
  3 centaur warriors
  6 two-headed ogres
  3 anacondas
  10 alligators
  4 tengu warriors
  A demonic crawler (D:14)
  Urug (Orc:2)
  10 naga warriors
  2 orc high priests (Orc:2)
  12 naga sharpshooters
  9 shock serpents
  Sonja (Lair:1)
  Nergalle (Orc:1)
  3 skysharks (Lair:5)
  Amaemon (Lair:2)
  4 goliath frogs
  A spriggan druid (Swamp:1)
  4 bog bodies
  A swamp dragon (Swamp:3)
  2 naga ritualists (Snake:4)
  Jeremiah (D:7)
  2 harpies (Lair:5)
  2 mana vipers (Snake:3)
  An orc knight (Orc:2)
  2 manticores (D:13)
  6 ugly things
  12 salamanders
  2 orc sorcerers (Orc:2)
  3 cyclopes
  5 elephants
  18 black mambas
  3 guardian serpents
  12 naga magi
  An orange demon (Lair:2)
  A molten gargoyle (Gauntlet)
  2 torpor snails
  A gargoyle (Gauntlet)
  A kobold demonologist (D:11)
  3 cane toads
  A rime drake (Lair:4)
  11 komodo dragons
  2 tengu conjurers (D:15)
  A freezing wraith (D:15)
  2 polar bears
  6 trolls
  8 tyrant leeches
  A bloated husk (Swamp:2)
  4 hornets
  19 blink frogs
  6 slime creatures
  2 vampires (D:13)
  3 spriggans
  3 shadows
  4 wraiths
  15 yaks
  2 wyverns
  2 basilisks
  2 humans (D:7)
  A fire elemental (D:15)
  4 steam dragons
  8 vampire mosquitoes
  26 nagas
  13 swamp worms
  3 wargs
  An acid dragon (D:12)
  4 hell hounds (D:15)
  7 water moccasins
  22 orc warriors
  A black bear (Lair:1)
  A sky beast (D:7)
  5 ogres
  6 wolves (Lair:4)
  6 centaurs
  4 kobold brigands
  A gnoll sergeant (D:10)
  5 scorpions
  6 bullfrogs
  15 wights
  22 killer bees
  3 howler monkeys
  6 electric eels
  12 orc priests
  5 hounds
  2 jellies
  5 gnoll boudas
  3 sleepcaps
  Natasha (thrice) (D:4)
  2 iguanas
  7 orc wizards
  23 gnolls
  9 adders
  2 white imps
  3 ufetubi
  2 worms
  3 dart slugs
  37 orcs
  12 ball pythons
  5 bats
  7 endoplasms
  7 goblins
  9 hobgoblins
  9 jackals
  28 kobolds
  6 quokkas
  5 frilled lizards
  4 rats (D:1)
663 creatures vanquished.

Vanquished Creatures (collateral kills)
  Vashnia (Snake:3)
  Frances (D:12)
  Roxanne (Snake:4)
  3 nagarajas
  A bunyip (Swamp:2)
  A salamander tyrant (Snake:2)
  A hydra (Swamp:1)
  A merfolk avatar (Lair:5)
  An ogre mage (D:13)
  2 catoblepae
  A ghost crab (Swamp:1)
  A centaur warrior (D:15)
  2 alligators
  A boulder beetle (D:11)
  A two-headed ogre (D:11)
  4 naga sharpshooters (Snake:3)
  A naga warrior (Snake:2)
  2 goliath frogs
  A skyshark (Lair:5)
  An orc knight (Orc:2)
  4 naga ritualists
  A bog body (Swamp:1)
  2 harpies (Lair:5)
  An ugly thing (D:14)
  A deep elf pyromancer (D:14)
  2 mana vipers
  An orc sorcerer (Orc:2)
  7 salamanders
  A cyclops (D:13)
  6 black mambas
  An elephant (Lair:5)
  6 naga magi
  5 cane toads
  A gargoyle (Gauntlet)
  3 komodo dragons
  3 tyrant leeches
  A wind drake (Lair:5)
  6 blink frogs
  5 hornets
  A raiju (shapeshifter) (D:15)
  A snapping turtle (Lair:5)
  6 slime creatures
  2 wraiths
  13 yaks
  A shadow (D:12)
  2 wyverns
  4 spriggans (Swamp:1)
  A steam dragon (D:10)
  A basilisk (Lair:1)
  3 vampire mosquitoes
  5 swamp worms
  A warg (D:10)
  12 nagas
  5 water moccasins
  An acid dragon (D:14)
  6 orc warriors
  A swamp drake (Swamp:1)
  3 ogres (Orc:2)
  3 centaurs
  2 kobold brigands (D:9)
  3 bullfrogs
  A wight (D:8)
  2 killer bees (D:9)
  2 electric eels
  2 lava snakes (Lair:2)
  A jelly (Gauntlet)
  7 orc priests
  5 orc wizards (Orc:2)
  11 orcs
  4 kobolds
197 creatures vanquished.

Vanquished Creatures (others)
  A bloated husk (Swamp:3)
  2 ancestors (D:9)
  25 battlemagi
  An orc wizard (Orc:2)
29 creatures vanquished.

Grand Total: 889 creatures vanquished

Notes
Turn   | Place    | Note
-------+----------+-------------------------------------------
     0 | D:1      | Ofeo the Demonspawn Shapeshifter began the quest for the
                  | Orb.
     0 | D:1      | Reached XP level 1. HP: 15/15 MP: 1/1
   170 | D:1      | Gained mutation: You are partially covered in molten
                  | scales. (AC +2) [demonic ancestry]
   170 | D:1      | Reached XP level 2. HP: 21/21 MP: 2/2
   341 | D:1      | Gained mutation: You have a pair of small horns on your
                  | head. [demonic ancestry]
   341 | D:1      | Reached XP level 3. HP: 21/27 MP: 3/3
   475 | D:2      | Reached skill level 2 in Fighting
  1035 | D:2      | Gained mutation: You may rarely emit foul miasma when
                  | damaged in melee. [demonic ancestry]
  1035 | D:2      | Reached XP level 4. HP: 30/33 MP: 4/4
  2030 | D:3      | Reached XP level 5. HP: 5/40 MP: 5/5
  2326 | D:3      | Reached skill level 3 in Fighting
  2503 | D:4      | Noticed Natasha
  2534 | D:4      | Killed Natasha
  2547 | D:4      | Noticed Natasha
  2555 | D:4      | Killed Natasha
  2585 | D:4      | Noticed Natasha
  2590 | D:4      | Killed Natasha
  2591 | D:4      | Gained mutation: You have a pair of horns on your head.
                  | [demonic ancestry]
  2591 | D:4      | Reached XP level 6. HP: 40/47 MP: 6/6
  2972 | D:4      | Reached skill level 4 in Fighting
  3262 | D:4      | Found an ornate altar of the Wu Jian Council.
  3440 | D:4      | Found a blossoming altar of Fedhas.
  3489 | D:5      | Entered Level 5 of the Dungeon
  3500 | D:5      | Reached XP level 7. HP: 39/54 MP: 7/7
  3815 | D:5      | Found the amulet of Vitality {RegenMP++ Regen++}
  4020 | D:5      | Reached skill level 5 in Fighting
  4178 | D:5      | Found a shimmering blue altar of Sif Muna.
  4263 | D:5      | Reached skill level 5 in Dodging
  4613 | D:6      | Gained mutation: You are partially covered in sharp spines.
                  | [demonic ancestry]
  4613 | D:6      | Reached XP level 8. HP: 62/62 MP: 8/8
  4752 | D:6      | Reached skill level 5 in Shapeshifting
  4845 | D:6      | Reached skill level 6 in Fighting
  5841 | D:7      | Found a transporter.
  5842 | D:7      | Found a transporter.
  5842 | D:7      | Noticed Elsrick's ghost (novice OpFi)
  5842 | D:7      | Identified the +5 great mace of Olacawur {heavy, rElec
                  | MP+9}
  5842 | D:7      | Noticed a two-headed ogre
  5863 | D:7      | Gained mutation: You sometimes emit foul miasma when
                  | damaged in melee. [demonic ancestry]
  5863 | D:7      | Reached XP level 9. HP: 48/71 MP: 9/9
  5892 | D:7      | Noticed Jeremiah
  6014 | D:7      | Killed Jeremiah
  6015 | D:7      | Reached skill level 7 in Fighting
  6219 | D:7      | Found an ancient bone altar of Kikubaaqudgha.
  6556 | D:7      | Found a staircase to the Ecumenical Temple.
  6580 | Temple   | Entered the Ecumenical Temple
  6627 | Temple   | Became a worshipper of Hepliaklqana the Forgotten
  6761 | D:7      | Found an iron altar of Okawaru.
  7160 | D:7      | Reached skill level 8 in Fighting
  7160 | D:7      | Reached skill level 1 in Polearms
  7411 | D:8      | Found a broken altar of Ashenzari.
  7520 | D:8      | Gained mutation: You frequently emit foul miasma when
                  | damaged in melee. [demonic ancestry]
  7520 | D:8      | Reached XP level 10. HP: 76/80 MP: 10/10
  8134 | D:9      | Reached * piety under Hepliaklqana
  8664 | D:9      | Noticed a two-headed ogre
  9294 | D:9      | Reached skill level 9 in Fighting
  9429 | D:9      | Reached ** piety under Hepliaklqana
  9430 | D:9      | Remembered your ancestor Tenoch as a battlemage
  9745 | D:10     | Entered Level 10 of the Dungeon
  9854 | D:10     | Found a staircase to the Orcish Mines.
 10089 | D:10     | Found a staircase to the Lair.
 10092 | D:10     | Gained mutation: You have a pair of large horns on your
                  | head. [demonic ancestry]
 10092 | D:10     | Reached XP level 11. HP: 80/80 MP: 11/11
 10394 | D:10     | Found a burning altar of Makhleb.
 10586 | D:11     | Found a gate leading to a gauntlet.
 10594 | D:11     | Noticed a two-headed ogre
 10598 | D:11     | Killed a two-headed ogre
 10600 | Gauntlet | Entered a Gauntlet
 10600 | Gauntlet | Found the +3 pair of gauntlets of War {Slay+5}
 10600 | Gauntlet | Found a transporter.
 10600 | Gauntlet | Reached *** piety under Hepliaklqana
 10600 | Gauntlet | Found a transporter.
 10600 | Gauntlet | Found a transporter.
 10605 | Gauntlet | Noticed a wizard
 10617 | Gauntlet | Found a transporter.
 10617 | Gauntlet | Found a transporter.
 10623 | Gauntlet | Found a transporter.
 10660 | Gauntlet | Found a transporter.
 10660 | Gauntlet | Noticed an oklob plant
 10663 | Gauntlet | Found a transporter.
 10665 | Gauntlet | Noticed a sixfirhy
 10668 | Gauntlet | Noticed a sixfirhy
 10669 | Gauntlet | Noticed a sixfirhy
 10671 | Gauntlet | Found a transporter.
 10671 | Gauntlet | Noticed a sixfirhy
 10687 | Gauntlet | Noticed a catoblepas
 10689 | Gauntlet | Found a transporter.
 10693 | Gauntlet | Found a transporter.
 10696 | Gauntlet | Found a transporter.
 10845 | Gauntlet | Reached skill level 5 in Polearms
 10898 | Gauntlet | Reached skill level 1 in Invocations
 10958 | Gauntlet | Gained mutation: Your system is resistant to poisons.
                  | (rPois) [potion of mutation]
 10958 | Gauntlet | Gained mutation: You passively dampen the noise of your
                  | surroundings. [potion of mutation]
 10958 | Gauntlet | Gained mutation: You sometimes lose your temper in combat.
                  | [potion of mutation]
 11017 | Gauntlet | Killed a catoblepas
 11018 | Gauntlet | Reached skill level 10 in Fighting
 11048 | Gauntlet | Identified the +3 sling of Corruption {drain, *Corrode rN+
                  | Stlth+}
 11048 | Gauntlet | Identified the +5 ring mail of the Bulwark {rC+}
 11048 | Gauntlet | Noticed a minotaur
 11058 | Gauntlet | Killed a minotaur
 11061 | Gauntlet | Identified the staff "Fytezevo" {rN+ Stlth+ Necro}
 11169 | D:11     | Noticed a centaur warrior
 11173 | D:11     | Killed a centaur warrior
 11332 | D:11     | Noticed a two-headed ogre
 11336 | D:11     | Killed a two-headed ogre
 11504 | D:11     | Reached skill level 5 in Invocations
 11572 | D:11     | Noticed a boulder beetle
 11580 | D:11     | Killed a boulder beetle
 11590 | D:11     | Noticed a two-headed ogre
 11594 | D:11     | Killed a two-headed ogre
 11595 | D:11     | Reached skill level 10 in Dodging
 11595 | D:11     | Reached XP level 12. HP: 89/89 MP: 14/16
 11944 | D:12     | Reached **** piety under Hepliaklqana
 11953 | D:12     | Found a runed translucent door.
 11956 | D:12     | Noticed ytrimaz's ghost (journeyman DsSh)
 11956 | D:12     | Noticed a tengu reaver
 12002 | D:12     | Reached skill level 11 in Fighting
 12173 | D:12     | Noticed Frances
 12251 | Lair:1   | Entered Level 1 of the Lair of Beasts
 12355 | Lair:1   | Noticed Fannar
 12373 | Lair:1   | Killed Fannar
 12398 | Lair:1   | Noticed Sonja
 12403 | Lair:1   | Killed Sonja
 12882 | Lair:1   | Noticed a boulder beetle
 12925 | Lair:1   | Killed a boulder beetle
 13241 | Lair:2   | Noticed Amaemon
 13251 | Lair:2   | Killed Amaemon
 13394 | Lair:2   | Found a staircase to the Snake Pit.
 13968 | Lair:2   | Found an iron altar of Okawaru.
 14276 | Lair:2   | Found a staircase to the Swamp.
 14283 | Lair:2   | Reached skill level 12 in Fighting
 14283 | Lair:2   | Reached XP level 13. HP: 79/97 MP: 19/19
 14376 | Lair:3   | Reached ***** piety under Hepliaklqana
 15189 | Lair:3   | Noticed Gastronok
 15199 | Lair:3   | Killed Gastronok
 15502 | Lair:4   | Reached skill level 10 in Invocations
 16670 | Lair:5   | Entered Level 5 of the Lair of Beasts
 16684 | Lair:5   | Found a viscous altar of Jiyva.
 16685 | Lair:5   | Found a staircase to the Slime Pits.
 16813 | Lair:5   | Reached skill level 13 in Fighting
 16852 | Lair:5   | Found the +8 trident of the Octopus King {venom, rElec
                  | rPois}
 16959 | Lair:5   | Reached XP level 14. HP: 106/106 MP: 21/21
 16985 | Lair:5   | Reached skill level 10 in Polearms
 17778 | D:12     | Killed Frances
 18495 | Orc:1    | Entered Level 1 of the Orcish Mines
 18495 | Orc:1    | Noticed Nergalle
 18498 | Orc:1    | Killed Nergalle
 18935 | Orc:2    | Entered Level 2 of the Orcish Mines
 18936 | Orc:2    | Found a transporter.
 19000 | Orc:2    | Reached ****** piety under Hepliaklqana
 19073 | Orc:2    | Found a transporter.
 19073 | Orc:2    | Noticed Mightysalt's ghost (journeyman DsSh)
 19205 | Orc:2    | Noticed Urug
 19211 | Orc:2    | Killed Urug
 19212 | Orc:2    | Reached skill level 14 in Fighting
 19271 | Orc:2    | Noticed an orc warlord
 19283 | Orc:2    | Killed an orc warlord
 19297 | Orc:2    | Found Yzis Rav's Antique Weapon Boutique.
 19344 | Orc:2    | Found Naetz's Antique Armour Boutique.
 19360 | Orc:2    | Found Awesaomugi's Jewellery Boutique.
 19370 | Orc:2    | Bought a +4 ring of protection for 576 gold pieces
 19409 | Orc:2    | Found Pucait's General Store.
 19416 | Orc:2    | Bought a potion of heal wounds for 50 gold pieces
 19502 | Orc:2    | Noticed Snorg
 19506 | Orc:2    | Killed Snorg
 19631 | Orc:2    | Found a staircase to the Elven Halls.
 19885 | Orc:2    | Killed Mightysalt's ghost
 20857 | D:13     | Noticed Nessos
 20867 | D:13     | Killed Nessos
 21384 | D:13     | You fall into a shaft and drop 1 floor!
 21451 | D:14     | Gained mutation: You are mostly covered in sharp spines.
                  | [demonic ancestry]
 21451 | D:14     | Reached XP level 15. HP: 113/114 MP: 22/22
 21455 | D:14     | Reached skill level 1 in Armour
 21709 | D:14     | Identified a scroll of acquirement
 21709 | D:14     | Acquired a +0 vampiric bardiche
 22250 | D:14     | Found a gate to the Vaults.
 22383 | D:15     | Entered Level 15 of the Dungeon
 22422 | D:15     | Reached skill level 15 in Fighting
 22426 | D:15     | Noticed Jorgrun
 22435 | D:15     | Killed Jorgrun
 22659 | D:15     | Noticed Azrael
 22668 | D:15     | Killed Azrael
 22865 | D:15     | Found a staircase to the Depths.
 22996 | D:15     | Found Geufy's Armour Shop.
 23057 | D:15     | Found a runed translucent gate.
 23058 | D:15     | Found a runed translucent gate.
 23058 | D:15     | Found a runed translucent gate.
 23058 | D:15     | Noticed Tolur's ghost (adept DEFE)
 23059 | D:15     | Found an ancient bone altar of Kikubaaqudgha.
 23059 | D:15     | Noticed a lich
 23059 | D:15     | Noticed a lich
 23059 | D:15     | Noticed Cophusiv's ghost (journeyman DsGl)
 23059 | D:15     | Noticed a lich
 23375 | Snake:1  | Entered Level 1 of the Snake Pit
 23734 | Snake:1  | Identified the +0 tower shield of Resilience {Int+2}
 24117 | Snake:2  | Noticed a nagaraja
 24121 | Snake:2  | Noticed a nagaraja
 24125 | Snake:2  | Killed a nagaraja
 24131 | Snake:2  | Killed a nagaraja
 24526 | Snake:2  | Reached skill level 5 in Armour
 25151 | Snake:3  | Gained mutation: You are mostly covered in molten scales.
                  | (AC +3) [demonic ancestry]
 25151 | Snake:3  | Reached XP level 16. HP: 124/124 MP: 23/23
 25253 | Snake:3  | Noticed Vashnia
 25294 | Snake:3  | Killed Vashnia
 25598 | Snake:3  | Found Ase Zos's Antique Weapon Emporium.
 25615 | Snake:3  | Reached skill level 16 in Fighting
 25862 | Snake:3  | Bought an iridescent halberd for 243 gold pieces
 25862 | Snake:3  | Identified the +1 halberd of Starshine {speed, rC++ Str-2}
                  | (You bought it in a shop on level 3 of the Snake Pit)
 26361 | Snake:3  | Reached skill level 15 in Dodging
 26790 | Snake:4  | Entered Level 4 of the Snake Pit
 26799 | Snake:4  | Noticed Roxanne
 27115 | Snake:4  | Noticed Louise
 27132 | Snake:4  | Killed Louise
 27217 | Snake:4  | Killed Roxanne
 27223 | Snake:4  | Found a large runed translucent door.
 27223 | Snake:4  | Found a large runed translucent door.
 27235 | Snake:4  | Noticed Himil's ghost (adept DEAE)
 27467 | Snake:4  | Found Wainikh's Distillery.
 27475 | Snake:4  | Bought a potion of mutation for 104 gold pieces
 27475 | Snake:4  | Bought a potion of mutation for 104 gold pieces
 27475 | Snake:4  | Bought a potion of haste for 130 gold pieces
 27939 | Snake:4  | Got a serpentine rune of Zot
 28132 | Snake:4  | Killed Himil's ghost
 28317 | Swamp:1  | Entered Level 1 of the Swamp
 28538 | Swamp:1  | Reached XP level 17. HP: 131/131 MP: 24/24
 28894 | Swamp:1  | Found a runed translucent door.
 28906 | Swamp:1  | Reached skill level 17 in Fighting
 29121 | Swamp:1  | Noticed Rualuul's ghost (adept MfBe)
 29188 | Swamp:2  | Noticed Donald
 29405 | Swamp:2  | Killed Donald
 30007 | Swamp:3  | Noticed Bai Suzhen
 30021 | Swamp:3  | HP: 5/132 [Bai Suzhen/torrent of water (66)]
 30023 | Swamp:3  | Collided with a mangrove

Illustrated notes

Levels and vault maps discovered:
D:1:      saegor_arrival_simple_e, layout_rooms
D:2:      layout_basic
D:3:      layout_rooms
D:4:      layout_rooms, nzn_wu_jian_contemplation, marbit_many_paths,
          nicolae_figureground_sparkle, uniq_natasha
D:5:      layout_loops_ring, kennysheep_orc_sif_temple, nicolae_grassy_gnolls
D:6:      wander_river, layout_basic, chequers_big_river
D:7:      minmay_chambers_of_fours, layout_cave_pools,
          mainiacjoe_overflow_cross_hatched, kennysheep_mini, okawaru_humans,
          minmay_temple_entry_tees, gammafunk_ghost_smash,
          hangedman_decor_diamond_cutter, uniq_jeremiah
D:8:      layout_basic, mainiacjoe_overflow_paths
D:9:      layout_grid_maze, nicolae_letterblocks [nicolae_letter_subblock,
          nicolae_letter_subblock, nicolae_letter_subblock,
          nicolae_letter_subblock, nicolae_letter_subblock,
          nicolae_letter_subblock, nicolae_letter_subblock,
          nicolae_letter_subblock, nicolae_letter_subblock,
          nicolae_letter_subblock, nicolae_letter_subblock,
          nicolae_letter_subblock, nicolae_letter_subblock,
          nicolae_letter_subblock, nicolae_letter_subblock,
          nicolae_letter_subblock, nicolae_letter_subblock,
          nicolae_letter_subblock, nicolae_letter_subblock,
          nicolae_letter_subblock, nicolae_letter_subblock,
          nicolae_letter_subblock, nicolae_letter_subblock,
          nicolae_letter_subblock, nicolae_letter_subblock]
D:10:     layout_gridville, bloody_makhleb, erik_lair_orcish_takeover,
          orc_0_dummy
D:11:     layout_basic, gauntlet_entry_generic
D:12:     layout_loops_cross, ebering_ghost_inner_flame, uniq_frances
D:13:     layout_basic, kennysheep_kite_vault, uniq_nessos
D:14:     layout_loops_ring, hellmonk_vaults_attempted_burglary,
          infiniplex_staircase_zigzag_3, worms_lemuel
D:15:     grunt_enter_depths_giant_problem, layout_rooms, serial_corexii_hall,
          corexii_hall_statues_x, corexii_hall_statues_i, serial_shops, shop,
          gammafunk_ghost_crypt, uniq_jorgrun, uniq_azrael
Temple:   zaba_magenta_temple
Lair:1:   layout_layer_cave, pdpol_lair_cavern_descent, lemuel_fruit_tree,
          grunt_megastairs_3, uniq_sonja, uniq_fannar
Lair:2:   layout_cave_pods, nicolae_swamp_entry_splash_gauntlet,
          nicolae_snake_entry_warm_welcome, basic_altar, uniq_amaemon
Lair:3:   layout_cave_pods, uniq_gastronok
Lair:4:   layout_layer_cave, grunt_megastairs_5, serial_bayou_shore_a
Lair:5:   gammafunk_lair_ancient_temple, layout_hall_layers, slime_entry_1
Swamp:1:  layout_basic_swamp, ebering_ghost_reflecting_pool,
          nicolae_swamp_trees_clearing
Swamp:2:  layout_basic_swamp, nicolae_swamp_little_swirl, uniq_donald
Swamp:3:  layout_falls_marsh, hangedman_swamp_blocks, swamp_pool1,
          nicolae_swamp_tree_designs, uniq_bai_suzhen
Snake:1:  kennysheep_six_static_rooms, layout_concentric_octagons
Snake:2:  layout_misc_corridors, st_stairs_1
Snake:3:  layout_grid_shapes, serial_shops, nicolae_shop_gibbet_a_chance,
          nicolae_snake_gridmaze_entwining, nicolae_snake_guarding_the_ruins,
          uniq_vashnia
Snake:4:  snake_pit, layout_concentric_octagons, serial_shops,
          nicolae_shop_industrial_runoff, ebering_ghost_disaster_area,
          uniq_roxanne, uniq_louise
Orc:1:    layout_diamond_mine, serial_shops, shop, uniq_nergalle
Orc:2:    grunt_orc_cross, layout_diamond_mine, basic_altar,
          gammafunk_ghost_arena, uniq_urug, uniq_snorg

Skill      XL: |  1  2  3  4  5  6  7  8  9 10 11 12 13 14 15 16 17 |
---------------+----------------------------------------------------+-----
Dodging        | 2 3 4 5 6 7 8 10 11 12 13 14 15 | 15.9
Shapeshifting  | 3 4 5 6 7 |  7.9
Fighting       | 2 3 4 5 6 8 9 10 12 13 14 15 16 17 | 17.2
Polearms       | 1 4 6 8 9 11 12 13 14 | 14.2
Invocations    | 5 8 10 | 10.0
Armour         | 5 7 8 |  8.7
Unarmed Combat | |  2.7

Action                     |  1- 3 |  4- 6 |  7- 9 | 10-12 | 13-15 | 16-18 || total
---------------------------+-------+-------+-------+-------+-------+-------++-------
  Melee: Dagger            |    80 |   162 |   219 |       |       |       ||   461
         Unarmed           |    11 |       |       |       |       |       ||    11
         Headbutt          |     5 |    35 |    59 |    41 |    98 |    60 ||   298
         Punch             |       |     4 |     3 |       |       |       ||     7
         Glaive            |       |       |    77 |   285 |   624 |   436 ||  1422
         Halberd           |       |       |     3 |       |       |       ||     3
 Invoke: Recall Ancestor   |       |       |       |     3 |     3 |     7 ||    13
         Ancestor Life: Ba |       |       |       |     1 |       |       ||     1
         Idealise          |       |       |       |       |     1 |     1 ||     2
  Evoke: Wand              |       |       |     3 |     8 |     4 |     3 ||    18
         Box of beasts     |       |       |       |     1 |     1 |     1 ||     3
         Phantom mirror    |       |       |       |       |     1 |     2 ||     3
    Use: Scroll            |     2 |     3 |     9 |     5 |     9 |     5 ||    33
         Potion            |       |     1 |       |     6 |     1 |     5 ||    13
   Stab: Sleeping          |     2 |       |       |       |       |       ||     2
         Distracted        |       |       |       |     3 |    17 |     9 ||    29
         Paralysed         |       |       |       |       |     2 |       ||     2
 Armour: Ring mail         |    36 |    59 |    53 |    86 |   101 |       ||   335
         Pearl dragon scal |       |       |       |       |   107 |   162 ||   269
  Dodge: Dodged            |    59 |   106 |   168 |   280 |   529 |   360 ||  1502
         Form:             |       |       |       |     1 |       |       ||     1

Table legend: (Time is in decaauts)
 A = Elapsed time spent in this place.
 B = Non-inter-level travel time spent in this place.
 C = Inter-level travel time spent in this place.
 D = Time resting spent in this place.
 E = Time spent auto-exploring this place.
 F = Levels seen in this place.
 G = Mean time per level.
                   A        B        C        D        E       F      G
               +--------+--------+--------+--------+--------+-----+--------+
         Total |  30935 |  29239 |   1696 |   3353 |  20163 |  31 |  997.9 |
       Dungeon |  16094 |  15099 |    995 |   1224 |  11218 |  15 | 1072.9 |
        Temple |     62 |     34 |     28 |      0 |      0 |   1 |   62.0 |
          Lair |   6227 |   5902 |    325 |    843 |   4270 |   5 | 1245.4 |
         Swamp |   1652 |   1598 |     54 |    265 |    924 |   3 |  550.7 |
     Snake Pit |   4747 |   4536 |    211 |    805 |   2542 |   4 | 1186.8 |
  Orcish Mines |   1601 |   1519 |     82 |    124 |    999 |   2 |  800.5 |
      Gauntlet |    549 |    549 |      0 |     90 |    209 |   1 |  549.0 |
               +--------+--------+--------+--------+--------+-----+--------+

Top non-repeatable levels by time:
  Lair:2: 1723 daAuts
 Snake:3: 1687 daAuts
     D:9: 1412 daAuts
 Snake:4: 1408 daAuts
     D:6: 1379 daAuts
    D:12: 1356 daAuts
     D:2: 1327 daAuts
     D:7: 1324 daAuts
  Lair:4: 1275 daAuts
    D:13: 1217 daAuts
  Lair:3: 1158 daAuts
   Orc:2: 1131 daAuts
     D:8: 1115 daAuts
     D:5: 1113 daAuts
    D:14: 1106 daAuts
